 Dungeon Crawl Stone Soup version 0.25-b1-23-ge2ad7d536c (webtiles) character file.

Game seed: 17801683686242926002, levelgen mode: deterministic

19 lepoulpe303 the Vexing (level 2, 0/16 HPs)
             Began as a Kobold Arcane Marksman on May 28, 2020.
             Slain by a hobgoblin (2 damage)
             ... on level 1 of the Dungeon.
             The game lasted 00:04:46 (1871 turns).

lepoulpe303 the Vexing (Kobold Arcane Marksman)     Turns: 1871, Time: 00:04:47

Health: 0/16       AC:  3    Str:  7    XL:     2   Next: 95%
Magic:  3/4        EV: 15    Int: 14    God:
Gold:   49         SH:  0    Dex: 15    Spells: 0/3 levels left

rFire    . . .     SeeInvis .   a - +0 dagger
rCold    . . .     Gourm    .   (shield restricted)
rNeg     . . .     Faith    .   f - +0 robe
rPois    .         Spirit   .   h - +0 helmet
rElec    .         Reflect  .   (no cloak)
rCorr    .         Harm     .   (no gloves)
MR       .....                  (no boots)
Stlth    +.........             (no amulet)
HPRegen  0.05/turn              (no ring)
MPRegen  0.09/turn              (no ring)

@: no status effects
A: small, carnivore
a: no special abilities


You were on level 1 of the Dungeon.
You were full.

You visited 1 branch of the dungeon, and saw 2 of its levels.

You collected 49 gold pieces.

Inventory:

Hand Weapons
 a - a +0 dagger (weapon)
 b - a +0 hand crossbow
Missiles
 g - 4 atropa-tipped darts (quivered)
 Q - 20 bolts
Armour
 f - a +0 robe (worn)
 h - a +0 helmet (worn)
Scrolls
 c - 3 scrolls of identify {unknown}
 d - a scroll of noise {unknown}
Potions
 i - a potion of cancellation {unknown}
 j - a potion of invisibility {unknown}
Comestibles
 e - 4 rations


   Skills:
 - Level 1.1 Fighting
 + Level 0.6 Short Blades
 * Level 2.9 Crossbows
 + Level 0.2 Armour
 + Level 2.5 Dodging
 + Level 1.3 Spellcasting
 * Level 3.2 Hexes


You couldn't memorise any spells.
You knew the following spells:

 Your Spells              Type           Power        Failure   Level  Hunger
s - Slow                  Hex            ##......     10%         2    ###....
v - Corona                Hex            ##.....      7%          1    ##.....

Your spell library contained the following spells:

 Spells                   Type           Power        Failure   Level  Hunger
 Inner Flame              Hex/Fire       #.......     36%         3    ####...
 Portal Projectile        Hex/Tloc       #.....       36%         3    ####...
 Cause Fear               Hex            ##........   54%         4    #####..
 Leda's Liquefaction      Hex/Erth       #.........   78%         4    #####..


Dungeon Overview and Level Annotations

Branches:
Dungeon (2/15)

Altars:
The Shining One


Innate Abilities, Weirdness & Mutations

You are small and have problems with some larger weapons.
You are carnivorous and can eat meat at any time.


Message History

You take 1 damage, and have 13/16 hp.
You hit the dart slug. The hobgoblin hits you.
The dart slug closely misses you.
You take 2 damage, and have 11/16 hp.
You hit the dart slug but do no damage.
The dart slug stops glowing.
The hobgoblin hits you. The dart slug bites you.
* * * LOW HITPOINT WARNING * * *
You take 2 damage, and have 9/16 hp.
You hit the dart slug but do no damage. The hobgoblin hits you.
* * * LOW HITPOINT WARNING * * *
You take 5 damage, and have 4/16 hp.
MASSIVE DAMAGE!!
The hobgoblin hits you.
* * * LOW HITPOINT WARNING * * *
The dart slug misses you.
You climb upwards.
There is a stone staircase leading down here.
You take 2 damage, and have 2/16 hp.
The hobgoblin hits you.
You die...

##.#.# #.# ###....######.##
#.....(........########
#.#..###.###.#........#
#.#).###.###...######.#
#.#..##...###.## #.#
#.............# #)#
#....##...##..#######.#
#.#..##........@>..##.#
#.#.......##...g.w.##.#
#.#.##.#.###...##..##.#
#.#.#....##...#....##.##########
#.#.........#...................
#.#......##...#.......##########
#.#......###.##..#.####.........
#............##..#.####.#######.
###......######..#...##.# #.


You could see a dart slug and a hobgoblin.

Levels and vault maps discovered:
D:1:      dpeg_arrival_line_fractal, layout_loops_ring, tso_altar
D:2:      layout_loops_ring, lemuel_crystal_altar,
          nicolae_overflow_hidden_temple, first_ration, minmay_split_cup_small

Notes
Turn   | Place    | Note
-------+----------+-------------------------------------------
     0 | D:1      | lepoulpe303 the Kobold Arcane Marksman began the quest for
                  | the Orb.
     0 | D:1      | Reached XP level 1. HP: 12/12 MP: 2/2
    31 | D:1      | Identified a +0 dagger
   126 | D:1      | Identified a +0 hand crossbow
   414 | D:1      | Found a glowing golden altar of the Shining One.
   649 | D:1      | HP: 2/12 [leopard gecko (4)]
   651 | D:1      | Reached XP level 2. HP: 2/16 MP: 1/3
   655 | D:1      | Learned a level 2 spell: Slow
   918 | D:1      | Identified a +0 club
   938 | D:1      | Identified a +0 helmet (You found it on level 1 of the
                  | Dungeon)
  1046 | D:1      | Identified a +0 club
  1343 | D:1      | Identified a +0 club
  1352 | D:1      | HP: 1/16 [hobgoblin/+0 club (5)]
  1868 | D:2      | HP: 4/16 [hobgoblin (5)]
  1871 | D:1      | Slain by a hobgoblin

Table legend:
 A = Turns spent in this place as a percentage of turns spent in the entire game.
 B = Non-inter-level travel turns spent in this place as a percentage of non-inter-level travel turns spent in the entire game.
 C = Inter-level travel turns spent in this place as a percentage of turns spent in this place.
 D = Turns resting spent in this place as a percentage of non-inter-level travel turns spent in this place.
 E = Turns spent auto-exploring this place as a percentage of non-inter-level travel turns spent in this place.
 F = Non-inter-level travel turns spent in this place divided by the number of levels of this place that you've seen.
                   A       B       C       D       E      F
               +-------+-------+-------+-------+-------+----------------------
         Total | 100.0 | 100.0 |   1.6 |  57.8 |  27.6 | 920.5
       Dungeon | 100.0 | 100.0 |   1.6 |  57.8 |  27.6 | 920.5
               +-------+-------+-------+-------+-------+----------------------

Table legend:
 A = Kills in this place as a percentage of kills in entire the game.
 B = Kills by you in this place as a percentage of kills by you in the entire game.
 C = Kills by friends in this place as a percentage of kills by friends in the entire game.
 D = Other kills in this place as a percentage of other kills in the entire game.
 E = Experience gained in this place as a percentage of experience gained in the entire game.
 F = Experience gained in this place divided by the number of levels of this place that you have seen.
                   A       B       C       D       E      F
               +-------+-------+-------+-------+-------+----------------------
         Total | 100.0 | 100.0 |   N/A |   N/A | 100.0 |  14.0
       Dungeon | 100.0 | 100.0 |   N/A |   N/A | 100.0 |  14.0
               +-------+-------+-------+-------+-------+----------------------

Action                   || total
-------------------------++-------
Melee: Dagger            ||   118
 Fire: Hand crossbow     ||    10
Throw: Dart              ||     1
 Cast: Corona            ||     7
       Slow              ||     1
 Stab: Sleeping          ||     1
  Eat: Chunk             ||     8
Armor: Robe              ||    21
Dodge: Dodged            ||    90

Vanquished Creatures
  2 leopard geckos
  6 giant cockroaches (D:1)
  A goblin (D:1)
  2 hobgoblins (D:1)
  A bat (D:1)
  A frilled lizard (D:1)
  2 kobolds (D:1)
15 creatures vanquished.
